 Dungeon Sprint DCSS version 0.29.1-2-gbd0b4ee654 (webtiles) character file.

Game seed: 18210372893087106175

7 Groucho the Sneak (level 1, 0/7 HPs)
             Began as a Felid Enchanter on Nov 8, 2022.
             Slain by a neqoxec (2 damage)
             ... in the Dungeon (Sprint II: "The Violet Keep of Menkaure").
             The game lasted 00:00:32 (34 turns).

Groucho the Sneak (Felid Enchanter)                   Turns: 34, Time: 00:00:32

Health: 0/7        AC:  1    Str:  4    XL:     1   Next: 83%
Magic:  4/5        EV: 17    Int: 16    God:
Gold:   243        SH:  0    Dex: 16    Spells: 5/5 levels left
                                        Lives:  0   Deaths: 0

rFire   . . .      SeeInvis +     - Unarmed
rCold   . . .      Faith    .   (shield unavailable)
rNeg    . . .      Spirit   .   (body armour unavailable)
rPois   .          Reflect  .   (helmet unavailable)
rElec   .          Harm     .   (cloak unavailable)
rCorr   .          Rampage  .   (gloves unavailable)
Will    .....      NoTele   +   (boots unavailable)
Stlth   +++.......              (no amulet)
HPRegen 0.02/turn               (no ring)
MPRegen 0.09/turn               (no ring)

@: hasted, invisible, very quick
A: very small, claws 1, fangs 3, see invisible, speed 1, shaggy fur 1, stealthy
paws, no weapons or thrown items, no armour, multi-lived
a: no special abilities


You were in the Dungeon.
You visited 1 branch You collected 243 gold pieces.

Inventory:

Scrolls
 g - a scroll of blinking
Potions
 a - a potion of invisibility
 b - a potion of curing
 c - a potion of heal wounds
 e - 2 potions of magic
 f - a potion of berserk rage


   Skills:
 - Level 2.6 Dodging
 * Level 5.5 Stealth
 - Level 1.0 Unarmed Combat
 + Level 2.6 Spellcasting
 + Level 5.2 Hexes


You had 5 spell levels left.
You didn't know any spells.
Your spell library contained the following spells:

 Spells                   Type           Power      Damage    Failure   Level
 Confusing Touch          Hex            18%        N/A       7%          3
 Tukima's Dance           Hex            18%        N/A       7%          3
 Ensorcelled Hibernation  Hex/Ice        20%        N/A       10%         2
 Dazzling Flash           Conj/Hex       20%        N/A       21%         3


Dungeon Overview and Level Annotations

Branches:
Dungeon (1/1)

Altars:


Innate Abilities, Weirdness & Mutations

You have sharp claws.
You have razor-sharp teeth.
You have supernaturally acute eyesight. (SInv)
You cover ground quickly. (Speed+)
You are covered in fur. (AC +1)
Your paws help you pounce on unaware monsters.
You are incapable of wielding weapons or throwing items.
You cannot wear armour.
You gain extra lives every three experience levels.


Message History

The worm is almost dead.
The worm completely misses you.
You scratch the worm but do no damage.
The worm is severely wounded.
You catch the helpless worm completely off-guard!
You claw the worm!
You kill the worm!
Your Hexes skill increases to level 5!
Unknown command.
Unknown command.
You now have 243 gold pieces.
There is an open door here.
There is a staircase leading out of the dungeon here.
You open the door. 4 neqoxecs come into view.
Found 243 gold pieces.
Unknown command.
You are too injured to fight recklessly!
You are too injured to fight recklessly!
Unknown command.
There is an open door here.
You pounce on the unaware helpless neqoxec!
You claw the neqoxec!
The neqoxec is moderately wounded.
The neqoxec shouts!
You scratch the neqoxec. You bite the neqoxec.
The neqoxec is heavily wounded.
You scratch the neqoxec but do no damage.
The neqoxec is heavily wounded.
The neqoxec closely misses you.
You scratch the neqoxec. Your bite misses the neqoxec.
The neqoxec is lightly wounded.
Unknown command.
Unknown command.
You catch the helpless neqoxec completely off-guard!
You claw the neqoxec!
The neqoxec is heavily wounded.
The neqoxec gestures at the neqoxec.
The neqoxec twists and deforms.
The neqoxec hits you.
You die...

## ###
#3##.3#
####.33#
##.###@#
#...##.##
+##.'.<.+
####.##
#+#


You could see 4 neqoxecs.

Vanquished Creatures
  2 worms (D)
2 creatures vanquished.

Notes
Turn   | Place    | Note
-------+----------+-------------------------------------------
     0 | D        | Groucho the Felid Enchanter began the quest for the Orb.
     0 | D        | Reached XP level 1. HP: 7/7 MP: 4/4
    14 | D        | Reached skill level 5 in Stealth
    20 | D        | Reached skill level 5 in Hexes
    28 | D        | Noticed a neqoxec
    28 | D        | Noticed a neqoxec
    28 | D        | Noticed a neqoxec
    28 | D        | Noticed a neqoxec
    34 | D        | Slain by a neqoxec

Illustrated notes

Levels and vault maps discovered:
D:        the_violet_keep_of_menkaure [sprint2_stairs_cluster_1,
          sprint2_shoproom, sprint2_temple, sprint2_basic_supplies,
          sprint2_obstacle_4, sprint2_obstacle_5, sprint2_obstacle_7,
          sprint2_obstacle_2, sprint2_obstacle_6, sprint2_timed_cluster_1,
          sprint2_smallroom_cluster_1, sprint2_smallroom_final_cluster_1,
          sprint2_transparent_cluster_1, sprint2_second_timed_cluster_1,
          sprint2_sniper_area_1, sprint2_heavy_combat_area_1,
          sprint2_mutation_trap_area_1, sprint2_forest_area_1,
          sprint2_light_combat_area_1, sprint2_behind_water_1,
          sprint2_near_end_vault_1]

Skill      XL: |  1 |
---------------+----+-----
Stealth        | 5 |  5.5
Hexes          | 5 |  5.2
Dodging        | |  2.6
Unarmed Combat | |  1.0
Spellcasting   | |  2.6

Action                   || total
-------------------------++-------
Melee: Unarmed           ||    18
       Bite              ||     1
  Use: Potion            ||     2
 Stab: Invisible         ||     4
       Sleeping          ||     1
Dodge: Dodged            ||     5
